 Dungeon Crawl Stone Soup version 0.31-a0-1620-gcbf77bbcfc (webtiles) character file.

Game seed: 12876733159813447030

767 Anamonty the Purveyor of Pain (level 7, 0/52 HPs)
             Began as a Demonspawn Necromancer on Jan 11, 2024.
             Was an Initiate of Kikubaaqudgha.
             Killed from afar by an orc wizard (1 damage)
             ... with a magic dart
             ... on level 5 of the Dungeon.
             The game lasted 00:11:40 (4826 turns).

Anamonty the Purveyor of Pain (DsNe)                Turns: 4826, Time: 00:11:41

Health: 0/52       AC: 10    Str: 11    XL:     7   Next: 52%
Magic:  5/12       EV: 13    Int: 15    God:    Kikubaaqudgha [......]
Gold:   117        SH:  0    Dex: 13    Spells: 5/13 levels left

rFire   . . .        D - staff of death
rCold   . . .        (no shield)
rNeg    + + .        a - +0 robe
rPois   .            (helmet restricted)
rElec   .            t - +0 cloak
rCorr   .            k - +0 pair of gloves
SInv    .            (no boots)
Will    .....        (no amulet)
Stlth   ++           w - ring of flight
HPRegen 0.28/turn    g - ring of positive energy
MPRegen 0.13/turn

%: no passive effects
@: sanguine armoured, animating dead, flying
A: antennae 1, powered by pain 1, sanguine armour 1
a: Renounce Religion


You were on level 5 of the Dungeon.
You worshipped Kikubaaqudgha.
Kikubaaqudgha was noncommittal.
You visited 2 branches of the dungeon, and saw 7 of its levels.

You collected 175 gold pieces.
You spent 58 gold pieces at shops.

Inventory:

Hand Weapons
 c - a +0 dagger
 d - a +1 glaive of venom
 p - a +0 sling
 z - a +2 dagger of venom
Armour
 a - a +0 robe (worn)
 k - a +0 pair of gloves (worn)
 t - a +0 cloak (worn)
Magical Staves
 y - a staff of earth
 D - a staff of death (weapon)
Jewellery
 g - a ring of positive energy (right hand)
 l - a ring of ice
 w - a ring of flight (left hand)
 x - a ring of positive energy
 E - a ring of wizardry
Wands
 r - a wand of iceblast (6)
 A - a wand of quicksilver (7) (quivered)
Scrolls
 e - a scroll of identify {unknown}
 f - a scroll of noise
 h - a scroll of fog {unknown}
 j - 2 scrolls of teleportation
 q - a scroll of blinking
 s - a scroll of vulnerability
 C - a scroll of amnesia {unknown}
Potions
 b - 2 potions of magic
 i - a potion of invisibility {unknown}
 m - 3 potions of heal wounds {unknown}
 n - 4 potions of ambrosia {unknown}
 o - a potion of haste {unknown}
 u - a potion of brilliance {unknown}
 v - a potion of enlightenment {unknown}
 B - 2 potions of might {unknown}


   Skills:
 + Level 3.2 Fighting
 + Level 3.6 Dodging
 + Level 3.8 Stealth
 + Level 3.5 Spellcasting
 * Level 6.8 Necromancy


You had 5 spell levels left.
You knew the following spells:

 Your Spells              Type           Power      Damage    Failure   Level
a - Necrotise             Necr           100%       1d9       1%          1
b - Vampiric Draining     Necr           34%        2d8       3%          3
c - Animate Dead          Necr           34%        N/A       12%         4

Your spell library contained the following spells:

 Spells                   Type           Power      Damage    Failure   Level
 Curse of Agony           Necr           34%        N/A       32%         5
 Frozen Ramparts          Ice            4%         1d1       50%         3
 Leda's Liquefaction      Alch/Erth      1%         N/A       88%         4
 Petrify                  Alch/Erth      2%         N/A       88%         4
 Metabolic Englaciation   Hex/Ice        1%         N/A       99%         5


Dungeon Overview and Level Annotations

Branches:
Dungeon (6/15)             Temple (1/1) D:4

Altars:
Ashenzari
Cheibriados
Fedhas
Hepliaklqana
Kikubaaqudgha
Makhleb
Nemelex Xobeh
Okawaru
Qazlal
Ru
Sif Muna
Vehumet
Wu Jian
Yredelemnul

Shops:
D:2 [

Annotations:
D:3 1 runed translucent door, LydaLydish's ghost, weakling DsBe


Innate Abilities, Weirdness & Mutations

You have a pair of small antennae on your head.
You sometimes gain a little power by taking damage.
When seriously injured, your blood forms armour. (AC +6)


Message History

You feel a surge of power!
The orc warrior writhes in agony!
The orc warrior hits you from afar with a +0 halberd!!
Your blood congeals into armour.
The orc wizard mumbles some strange words.
The orc wizard flickers and vanishes!
Deactivating autopickup; reactivate with Ctrl-A.
Aiming: Iceblast
Press: ? - help, Q - select action, (/) - cycle Shift-Dir - straight line, p - orc warrior The mass of ice explodes!
The iceblast engulfs the orc warrior.
The orc warrior is moderately wounded.
You hear a bark!
The orc warrior hits you from afar with a +0 halberd!!
Unknown command.
Aiming: Quicksilver Bolt
Press: ? - help, Q - select action, (/) - cycle Shift-Dir - straight line, f - orc warrior
Aim: an orc warrior, wielding a +0 halberd and wearing a +0 plate armour (moderately wounded, ally target, 71% to hit)
The bolt of dispelling energy hits the orc warrior.
The orc warrior is heavily wounded.
The orc warrior hits you from afar with a +0 halberd!
* * * LOW HITPOINT WARNING * * *
Your ogre skeleton barely misses the orc warrior.
Unknown command.
Aiming: Quicksilver Bolt
Press: ? - help, Q - select action, (/) - cycle Shift-Dir - straight line, f/p - orc warrior
Aim: an orc warrior, wielding a +0 halberd and wearing a +0 plate armour (moderately wounded, ally target, 71% to hit)
The bolt of dispelling energy hits the orc warrior.
The orc warrior is heavily wounded.
The orc warrior completely misses you.
Your ogre skeleton hits the orc warrior but does no damage.
A magic dart appears from out of thin air!
The magic dart hits you.
* * * LOW HITPOINT WARNING * * *
Unknown command.
The orc warrior attacks as it pursues you!
The orc warrior hits you from afar with a +0 halberd.
* * * LOW HITPOINT WARNING * * *
A magic dart appears from out of thin air!
The magic dart hits you.
You die...
Kikubaaqudgha rasps: "You have failed me!
Welcome... death!"

#...##....##...........
#.)###....#..#.........
###..###................
##...#..##......##......# #
#......##.......Z....... ..#
##...####.....#..{...#.##....
##..).........(.o....$#.....#
..........)......##)..<....#
.......<........@.............
...#.....#....................
.........#...............o....
..............................
.........................^....
#######################.....##
..............)..............#
..#..#..#..#..#..#..#.........
........................#.....


You could see an orc warrior (ally target) and a friendly ogre skeleton.

Vanquished Creatures
  An ogre (D:5)
  A phantom (D:4)
  A bullfrog (D:4)
  A scorpion (D:6)
  A jelly (D:4)
  A hound (D:5)
  An orc priest (D:5)
  2 iguanas (D:4)
  Jessica (D:3)
  An orc wizard (D:4)
  Ijyb (D:3)
  Terence (D:3)
  Natasha (thrice) (D:3)
  5 adders
  A shadow imp (D:6)
  5 dart slugs
  2 ribbon worms
  6 orcs
  5 bats
  5 endoplasms
  A giant cockroach (D:2)
  9 goblins
  10 hobgoblins
  3 quokkas
  13 ball pythons
  4 frilled lizards
  8 kobolds
  3 rats (D:1)
96 creatures vanquished.

Vanquished Creatures (collateral kills)
  A hobgoblin (D:1)
  A kobold (D:3)
2 creatures vanquished.

Vanquished Creatures (others)
  A hound zombie (D:5)
  An orc zombie (D:5)
  A frilled lizard zombie (D:3)
  A human zombie (D:3)
4 creatures vanquished.

Grand Total: 102 creatures vanquished

Notes
Turn   | Place    | Note
-------+----------+-------------------------------------------
     0 | D:1      | Anamonty the Demonspawn Necromancer began the quest for the
                  | Orb.
     0 | D:1      | Reached XP level 1. HP: 13/13 MP: 3/3
   113 | D:1      | Gained mutation: You have a pair of small antennae on your
                  | head. [demonic ancestry]
   113 | D:1      | Reached XP level 2. HP: 13/20 MP: 1/5
   593 | D:1      | Reached skill level 1 in Fighting
   593 | D:1      | Gained mutation: When seriously injured, your blood forms
                  | armour. (AC +6) [demonic ancestry]
   593 | D:1      | Reached XP level 3. HP: 15/26 MP: 2/6
   765 | D:1      | Learned a level 3 spell: Vampiric Draining
  1254 | D:2      | Found Zeateg's Armour Shoppe.
  1288 | D:2      | Bought a +0 pair of gloves for 58 gold pieces
  1686 | D:3      | Noticed Natasha
  1881 | D:3      | Killed Natasha
  1882 | D:3      | Reached XP level 4. HP: 32/32 MP: 3/7
  1893 | D:3      | Learned a level 4 spell: Animate Dead
  1935 | D:3      | Noticed Terence
  1950 | D:3      | Reached skill level 5 in Necromancy
  1978 | D:3      | You fall into a shaft and drop 3 floors!
  2091 | D:6      | Noticed a scorpion
  2101 | D:6      | Killed a scorpion
  2102 | D:6      | Gained mutation: You sometimes gain a little power by
                  | taking damage. [demonic ancestry]
  2102 | D:6      | Reached XP level 5. HP: 34/38 MP: 2/9
  2202 | D:5      | Entered Level 5 of the Dungeon
  2623 | D:3      | Noticed Jessica
  2635 | D:3      | Killed Jessica
  2636 | D:3      | Reached XP level 6. HP: 31/44 MP: 4/10
  2739 | D:3      | Noticed Natasha
  2748 | D:3      | Killed Natasha
  2898 | D:3      | Noticed Ijyb
  2903 | D:3      | Your ally Jessica died
  2913 | D:3      | Killed Ijyb
  3254 | D:3      | Found a runed translucent door.
  3257 | D:3      | Noticed LydaLydish's ghost (weakling DsBe)
  3266 | D:3      | Noticed Natasha
  3275 | D:3      | Killed Natasha
  3390 | D:3      | Killed Terence
  3391 | D:3      | Reached skill level 6 in Necromancy
  3918 | D:5      | Noticed an orc warrior
  4095 | D:4      | Found a blossoming altar of Fedhas.
  4243 | D:4      | Found a staircase to the Ecumenical Temple.
  4254 | D:4      | Reached XP level 7. HP: 36/51 MP: 1/11
  4277 | Temple   | Entered the Ecumenical Temple
  4351 | Temple   | Became a worshipper of Kikubaaqudgha
  4826 | D:5      | HP: 1/52 [orc warrior/+0 halberd (3)]
  4826 | D:5      | Killed from afar by an orc wizard

Illustrated notes

Levels and vault maps discovered:
D:1:      psy_arrival_wood_between_worlds, layout_loops_ring, nrook_uturn
D:2:      layout_basic, serial_shops, shop
D:3:      minmay_door_path, layout_rooms, gammafunk_ghost_grave,
          minmay_distorted, uniq_jessica, uniq_ijyb, uniq_natasha, uniq_terence
D:4:      layout_basic, lemuel_doored_altar, temple_pool_b
D:5:      cheibrodos_fzero, layout_cave_pools, columned_hall_lemuel,
          nzn_random_ring
D:6:      kennysheep_steamy, layout_rooms,
          nicolae_overflow_macrodata_refinement, nicolae_inconvenience_store
Temple:   compressed_dpeg_triangle_lava_temple

Skill      XL: |  1  2  3  4  5  6  7 |
---------------+----------------------+-----
Stealth        | 2 3 |  3.8
Dodging        | 2 3 |  3.6
Fighting       | 1 2 3 |  3.2
Necromancy     | 5 6 |  6.8
Spellcasting   | 3 |  3.5

Action                     |  1- 3 |  4- 6 |  7- 9 || total
---------------------------+-------+-------+-------++-------
  Melee: Dagger            |    89 |    24 |       ||   113
         Unarmed           |     3 |       |       ||     3
         Glaive            |       |    43 |       ||    43
         Staff             |       |    38 |    13 ||    51
         Punch             |       |     1 |       ||     1
   Fire: Sling             |    12 |       |       ||    12
   Cast: Necrotise         |    47 |    41 |     9 ||    97
         Vampiric Draining |     1 |     6 |       ||     7
         Animate Dead      |       |     7 |     1 ||     8
  Evoke: Wand              |       |     4 |    11 ||    15
    Use: Scroll            |     2 |     4 |       ||     6
   Stab: Sleeping          |     3 |     4 |       ||     7
 Armour: Robe              |    60 |    95 |    21 ||   176
  Dodge: Dodged            |    68 |   114 |    12 ||   194

Table legend: (Time is in decaauts)
 A = Elapsed time spent in this place.
 B = Non-inter-level travel time spent in this place.
 C = Inter-level travel time spent in this place.
 D = Time resting spent in this place.
 E = Time spent auto-exploring this place.
 F = Levels seen in this place.
 G = Mean time per level.
                   A        B        C        D        E       F      G
               +--------+--------+--------+--------+--------+-----+--------+
         Total |   4871 |   4590 |    281 |      0 |   3429 |   7 |  695.9 |
       Dungeon |   4786 |   4515 |    271 |      0 |   3365 |   6 |  797.7 |
        Temple |     84 |     74 |     10 |      0 |     64 |   1 |   84.0 |
               +--------+--------+--------+--------+--------+-----+--------+

Top non-repeatable levels by time:
     D:4: 1287 daAuts
     D:3: 1283 daAuts
     D:1: 954 daAuts
     D:2: 796 daAuts
     D:5: 237 daAuts
     D:6: 227 daAuts
  Temple: 84 daAuts
